 Dungeon Crawl Stone Soup version 0.24.1-14-gf8d2b509d9 (webtiles) character file.

Game seed: 6911189015671412061, levelgen mode: deterministic

11079 mortelune the Martial Artist (level 11, -4/78 HPs)
             Began as an Octopode Transmuter on May 17, 2020.
             Was an Initiate of Gozag.
             Slain by Urug
             ... wielding a +0 broad axe of electrocution
              (26 damage)
             ... on level 2 of the Lair of Beasts.
             The game lasted 00:34:38 (19461 turns).

mortelune the Martial Artist (Octopode Transmuter) Turns: 19461, Time: 00:34:39

Health: -4/78      AC:  2    Str:  9    XL:     11   Next: 72%
Magic:  10/19      EV: 28    Int: 19    God:    Gozag
Gold:   1123       SH:  0    Dex: 18    Spells: 11/21 levels left

rFire    . . .     SeeInvis .     - Unarmed
rCold    . . .     Gourm    .   (shield currently unavailable)
rNeg     . . .     Faith    .   (helmet currently unavailable)
rPois    x         Spirit   .   (no amulet)
rElec    .         Reflect  .   C - ring of resist corrosion
rCorr    +         Harm     .   h - ring of ice
MR       .....                  u - ring of fire
Stlth    ++........             (no ring)
HPRegen  0.23/turn              (no ring)
MPRegen  0.16/turn              (no ring)
                                (no ring)
                                (no ring)

@: spider-form
A: tiny, almost no armour, stealthy swim, (amphibious), 8 rings, (constrict 8),
screaming 1, MP-powered wands
a: End Transformation, Potion Petition, Call Merchant, Bribe Branch, Renounce
Religion


You were on level 2 of the Lair of Beasts.
You worshipped Gozag.
Gozag was most pleased with you.
You were near starving.
You were a venomous arachnid creature.
You visited 3 branches of the dungeon, and saw 14 of its levels.
You also visited: Sewer.

You collected 1686 gold pieces.
You paid 563 gold pieces to Gozag.

Inventory:

Hand Weapons
 b - a +5 demon trident of flaming
Missiles
 j - 91 arrows
 Q - 191 stones (quivered)
Jewellery
 h - a ring of ice (right front leg)
 u - a ring of fire (on tentacle)
 C - a ring of resist corrosion (left front leg)
Wands
 d - a wand of disintegration (5)
 q - a wand of polymorph (1)
 s - a wand of random effects (6)
 D - a wand of digging (3)
Scrolls
 a - 5 scrolls of remove curse
 e - a scroll of fear
 f - a scroll of fog
 i - a scroll of identify
 k - a scroll of random uselessness
 t - a scroll of teleportation
 v - 2 scrolls of torment
 y - a scroll of immolation
Potions
 g - a potion of heal wounds
 l - 2 potions of curing
 m - a potion of invisibility
 n - a potion of lignification
 o - 2 potions of ambrosia
 p - 3 potions of agility
 r - a potion of berserk rage
 w - a potion of degeneration
 x - a potion of resistance {unknown}
Comestibles
 c - 20 rations


   Skills:
 + Level 8.9 Fighting
 + Level 8.7 Dodging
 - Level 10.0 Unarmed Combat
 + Level 5.9 Spellcasting
 * Level 8.1 Transmutations


You had 11 spell levels left.
You knew the following spells:

 Your Spells              Type           Power        Failure   Level  Hunger
a - Beastly Appendage     Tmut           #####.       3%          1    None
b - Sticks to Snakes      Tmut           #####...     4%          2    None
c - Spider Form           Tmut/Pois      ###.......   17%         3    ##.....
d - Ice Form              Ice/Tmut       ####....     43%         4    ####...

Your spell library contained the following spells:

 Spells                   Type           Power        Failure   Level  Hunger
 Animate Skeleton         Necr           N/A          28%         1    None
 Pain                     Necr           #...         28%         1    None
 Blade Hands              Tmut           #####.....   28%         5    #####..
 Regeneration             Chrm/Necr      #.........   56%         3    ##.....
 Vampiric Draining        Necr           #.........   56%         3    ##.....
 Animate Dead             Necr           N/A          89%         4    ####...


Dungeon Overview and Level Annotations

Branches:
Dungeon (10/15)            Temple (1/1) D:7            Lair (3/6) D:8
    Orc (0/2) D:10          Sewer (visited)
  Swamp: Lair:2-4    Shoals: Lair:2-4     Snake: Lair:2-4    Spider: Lair:2-4

Altars:
Ashenzari
Cheibriados
Dithmenos
Elyvilon
Fedhas
Gozag
Kikubaaqudgha
Makhleb
Nemelex Xobeh
Okawaru
Qazlal
Ru
Sif Muna
Trog
Uskayaw
Vehumet
Wu Jian
Xom
Yredelemnul
Zin
The Shining One
Jiyva

Shops:
D:9 }   D:10 }(

Annotations:
Lair:1 exclusion: oklob plant
Lair:2 Urug


Innate Abilities, Weirdness & Mutations

You cannot wear most types of armour.
You are very stealthy in the water. (Stealth+)
((You are amphibious.))
You can wear up to eight rings at the same time.
((You can use your tentacles to constrict eight enemies at once.))
((Your skin changes colour to match your surroundings (Stealth+).))
((Your rubbery body absorbs attacks. (AC +1, EV +1)))
((You have a pair of small antennae on your head.))
((One of your tentacles bears a spike.))
((You are partially covered in thin metallic scales. (AC +2)))
You occasionally shout uncontrollably at your foes.
You expend magic power (3 MP) to strengthen your wands.


Message History

Urug hits you with a +0 broad axe of electrocution!
* * * LOW HITPOINT WARNING * * *
Urug hits your water moccasin with a +0 broad axe of electrocution!
Your water moccasin bites Urug.
You bite Urug!
Urug looks as sick as possible!
Urug is heavily wounded.
Your water moccasin barely misses Urug.
Urug barely misses you.
Urug hits your water moccasin with a +0 broad axe of electrocution!!
Your water moccasin dies!
You hit Urug.
Urug looks as sick as possible!
Urug is severely wounded.
You hit Urug but do no damage.
Urug looks as sick as possible!
Urug is severely wounded.
Urug barely misses you.
You hit Urug.
Urug looks as sick as possible!
Urug is severely wounded.
Urug jeers loudly.
Urug hits you with a +0 broad axe of electrocution!!
You die...
Your body crumbles into a pile of gold.

PPP.#.......#..P...#P.
..P...........P..P....
.. ................P##..
... ....................
#..P##................#.
...................... #
#.#.#..##.#...#..##.#
#...#......(##...#P.##..
......os.....(..........
....$...$...(#..........
...........(............
#P......^...P..P......>.
........................
#.#............#.#......
........................
.......P....#..P.......
............


You could see Urug.

Vanquished Creatures
  Erolcha (D:9)
  Pikel (D:6)
  2 komodo dragons
  A troll (D:10)
  Prince Ribbit (D:6)
  4 blink frogs (Lair:3)
  5 hippogriffs
  4 yaks (Lair:3)
  Grum (D:8)
  2 hungry ghosts (D:10)
  4 porcupines
  A water moccasin (Lair:2)
  Duvessa (D:5)
  2 sky beasts
  3 ice beasts
  A black bear (D:6)
  5 phantoms
  3 orc warriors
  4 slaves
  3 ogres
  7 wolves
  4 centaurs
  3 crocodiles
  A big kobold (D:8)
  3 bullfrogs
  Dowan (D:5)
  6 scorpions
  A water moccasin skeleton (D:4)
  3 troll zombies (D:10)
  4 wights (D:10)
  6 howler monkeys
  2 bullfrog zombies
  8 electric eels (D:9)
  3 crimson imps
  3 hounds
  5 orc priests
  A centaur zombie (D:9)
  2 bullfrog skeletons (D:7)
  5 jellies
  9 orc wizards
  A centaur skeleton (D:3)
  Jessica (D:3)
  An iguana (D:6)
  3 worker ants
  2 ogre zombies (D:10)
  Robin (D:1)
  A worker ant zombie (D:5)
  9 adders
  18 gnolls
  A river rat (D:4)
  7 oozes
  An adder zombie (D:5)
  2 adder skeletons (D:5)
  4 worms
  12 leopard geckos
  30 orcs
  13 bats
  5 giant cockroaches
  14 goblins
  9 hobgoblins
  15 jackals
  A ball python (D:5)
  8 frilled lizards
  A goblin skeleton (D:10)
  A goblin zombie (D:10)
  A hobgoblin skeleton (D:10)
  2 hobgoblin zombies (D:10)
  9 kobolds
  3 orc skeletons (D:10)
  10 orc zombies (D:10)
  A quokka skeleton (D:9)
  4 rats
  A spectral orc (D:4)
318 creatures vanquished.

Vanquished Creatures (collateral kills)
  A hippogriff (D:6)
  A bullfrog (D:6)
  A jelly (D:2)
  An adder (D:2)
  A jackal (D:6)
  A kobold (D:3)
6 creatures vanquished.

Vanquished Creatures (others)
  5 fungi
  2 plants (D:8)
7 creatures vanquished.

Grand Total: 331 creatures vanquished

Notes
Turn   | Place    | Note
-------+----------+-------------------------------------------
     0 | D:1      | mortelune the Octopode Transmuter began the quest for the
                  | Orb.
     0 | D:1      | Reached XP level 1. HP: 13/13 MP: 3/3
    56 | D:1      | Reached XP level 2. HP: 14/18 MP: 3/5
    60 | D:1      | Learned a level 2 spell: Sticks to Snakes
   568 | D:1      | Reached XP level 3. HP: 23/23 MP: 6/6
   577 | D:1      | Learned a level 3 spell: Spider Form
  1039 | D:2      | Noticed Robin
  1403 | D:1      | Killed Robin
  1403 | D:1      | Reached XP level 4. HP: 9/29 MP: 4/8
  2840 | D:3      | Found a glowing golden altar of the Shining One.
  2867 | D:3      | Gained mutation: You evolve. [potion of mutation]
  2867 | D:3      | Gained mutation: You are dopey. (Int -2) [potion of
                  | mutation]
  2867 | D:3      | Gained mutation: One of your tentacles bears a spike.
                  | [potion of mutation]
  2867 | D:3      | Gained mutation: You are partially covered in thin metallic
                  | scales. (AC +2) [potion of mutation]
  2888 | D:3      | Reached XP level 5. HP: 21/34 MP: 7/10
  3614 | D:3      | Lost mutation: You are dopey. (Int -2) [evolution]
  3896 | D:3      | Reached XP level 6. HP: 39/41 MP: 11/11
  4543 | D:3      | Noticed Jessica
  4546 | D:3      | Killed Jessica
  4833 | D:3      | Reached skill level 4 in Unarmed Combat
  4983 | D:3      | Gained mutation: You have a pair of small antennae on your
                  | head. [evolution]
  5181 | D:4      | Reached XP level 7. HP: 45/46 MP: 12/12
  5319 | D:4      | Found a glowing drain.
  5323 | Sewer    | Entered a sewer
  6207 | D:4      | Reached skill level 5 in Unarmed Combat
  6417 | D:4      | Found a basalt altar of Yredelemnul.
  6694 | D:4      | Reached XP level 8. HP: 54/54 MP: 5/13
  6944 | D:5      | Entered Level 5 of the Dungeon
  7043 | D:5      | Reached skill level 6 in Unarmed Combat
  7238 | D:5      | Gained mutation: You expend magic power (3 MP) to
                  | strengthen your wands. [evolution]
  7582 | D:5      | Found a shadowy altar of Dithmenos.
  7950 | D:5      | Noticed Duvessa
  7953 | D:5      | Noticed Dowan
  7971 | D:5      | Killed Duvessa
  7971 | D:5      | Reached skill level 5 in Fighting
  8071 | D:5      | Killed Dowan
  8071 | D:5      | Reached skill level 7 in Unarmed Combat
  8597 | D:5      | Reached skill level 5 in Dodging
  8634 | D:5      | Learned a level 4 spell: Ice Form
  8664 | D:5      | Reached XP level 9. HP: 20/61 MP: 10/14
  9534 | D:6      | Reached skill level 8 in Unarmed Combat
 10161 | D:6      | Found a glowing golden altar of the Shining One.
 10164 | D:6      | Found a white marble altar of Elyvilon.
 10198 | D:6      | Noticed Pikel
 10512 | D:6      | Noticed Prince Ribbit
 10522 | D:6      | Killed Prince Ribbit
 10683 | D:6      | Killed Pikel
 10683 | D:6      | Reached skill level 9 in Unarmed Combat
 10815 | D:6      | Found a shimmering altar of Xom.
 11251 | D:7      | Reached XP level 10. HP: 69/69 MP: 12/15
 11276 | D:7      | Found a shattered altar of Ashenzari.
 11351 | D:7      | Gained mutation: You occasionally shout uncontrollably at
                  | your foes. [evolution]
 11351 | D:7      | Lost mutation: You evolve. [end of evolution]
 11594 | D:7      | Found a staircase to the Ecumenical Temple.
 11610 | Temple   | Entered the Ecumenical Temple
 11671 | Temple   | Became a worshipper of Gozag Ym Sagoz the Greedy
 12490 | D:8      | Noticed Grum
 12685 | D:8      | Reached skill level 10 in Unarmed Combat
 13229 | D:8      | Killed Grum
 13408 | D:8      | Found a staircase to the Lair.
 13835 | D:8      | Found a viscous altar of Jiyva.
 14157 | D:9      | Reached skill level 5 in Transmutations
 15095 | D:9      | Noticed Erolcha
 15108 | D:9      | Killed Erolcha
 15108 | D:9      | Reached XP level 11. HP: 54/77 MP: 12/18
 15233 | D:9      | Found a glowing silver altar of Zin.
 16043 | D:10     | Entered Level 10 of the Dungeon
 16081 | D:10     | Found a staircase to the Orcish Mines.
 16117 | D:10     | Reached skill level 5 in Spellcasting
 16367 | D:10     | Found Mususuyn's Antique Weapon Shoppe.
 16935 | D:10     | Found Zuataw's Gadget Shoppe.
 17622 | D:10     | HP: 3/78 [something (7)]
 17991 | Lair:1   | Entered Level 1 of the Lair of Beasts
 18295 | Lair:1   | Noticed an oklob plant
 19014 | Lair:2   | You fall into a shaft and drop 1 floor!
 19439 | Lair:2   | Noticed Urug
 19461 | Lair:2   | Slain by Urug

Levels and vault maps discovered:
D:1:      wander_arrival_estate, layout_loops_ring, minmay_tall_x
D:2:      layout_basic, first_ration, uniq_robin
D:3:      layout_loops_ring, tso_metal_star, uniq_jessica
D:4:      layout_rooms, yredelemnul_forgotten_temple_becter,
          gup_sewer_entry_spiral
D:5:      minmay_angry_zag, layout_basic, lemuel_doored_altar,
          kennysheep_generic_room_8, uniq_duvessa
D:6:      layout_gridville, minitemple, basic_altar, minmay_lizard_king,
          uniq_prince_ribbit1, uniq_pikel
D:7:      layout_basic, evilmike_ruin_ashenzari, minmay_temple_entry_arrows
D:8:      layout_loops_ring, dpeg_oklobed_lair, hangedman_little_slice_of_home,
          roderic_st_hans_cross, kennysheep_generic_room_7, uniq_grum
D:9:      layout_gridville, lemuel_crystal_altar, serial_bayou,
          serial_bayou_lake_a, serial_bayou_lagoon_a, serial_bayou_shore_a,
          serial_bayou_shore_b, serial_bayou_ford_a, kennysheep_generic_room_12,
          uniq_erolcha
D:10:     layout_roguey, zombieorc1_lemuel, serial_shops, shop, kennysheep_mini,
          nicolae_shop_window_shopping, shop, shop
Temple:   compressed_dpeg_circular_temple
Lair:1:   layout_misc_corridors, minmay_lair_oklob_chamber
Lair:2:   minmay_lair_oklob_tunnel, layout_long_grid, lemuel_fruit_tree,
          grunt_megastairs_3, uniq_urug
Lair:3:   layout_misc_corridors, minmay_swamp_entry_swarm,
          nicolae_spider_entry_orb_guardian, columned_hall_lemuel, uniq_nergalle

Skill      XL: |  1  2  3  4  5  6  7  8  9 10 11 |
---------------+----------------------------------+-----
Transmutations | 3 4 6 8 |  8.1
Spellcasting   | 3 4 5 |  5.9
Fighting       | 2 3 4 5 6 8 |  8.9
Unarmed Combat | 4 5 7 9 10 | 10.0
Dodging        | 3 5 6 7 8 |  8.7

Action                   |  1- 3 |  4- 6 |  7- 9 | 10-12 || total
-------------------------+-------+-------+-------+-------++-------
Melee: Unarmed           |    91 |   146 |   291 |   494 ||  1022
       Constrict         |    20 |    25 |    28 |    16 ||    89
       Kick              |     7 |    15 |    32 |    35 ||    89
       Tentacles         |     7 |     9 |    18 |    15 ||    49
       Punch             |     2 |     5 |       |     9 ||    16
       Demon trident     |       |       |    47 |    31 ||    78
 Cast: Beastly Appendage |     4 |     1 |     1 |       ||     6
       Spider Form       |     2 |     7 |    29 |    35 ||    73
       Sticks to Snakes  |       |    12 |    19 |    10 ||    41
       Ice Form          |       |       |       |     1 ||     1
Invok: Call Merchant     |       |       |       |     1 ||     1
Evoke: Wand              |       |       |       |    11 ||    11
  Use: Scroll            |     4 |     3 |     7 |     7 ||    21
       Potion            |       |     3 |     2 |     1 ||     6
 Stab: Sleeping          |     5 |     2 |     3 |     1 ||    11
       Distracted        |       |       |     1 |     3 ||     4
  Eat: Chunk             |     2 |     8 |    24 |     3 ||    37
       Ration            |       |     1 |       |     8 ||     9
Armor: Skin              |    12 |    13 |    23 |    26 ||    74
Dodge: Dodged            |    73 |    98 |   236 |   476 ||   883
